AoeStats
← BN27

Nomad

508205438Analyzed
4v4 RM · 12d ago on Sep 21, 2026· 41m 50s· 8 players
Game mode
Random Map
Map size
231×231
Population
200
Speed
Normal
Resources
Standard
Victory
Conquest
Starting age
Dark Age
Ending age
Imperial Age
RankedLock teamsTeams togetherTeam positionsShared explorationLock speedFull tech treeHidden civsTurbo modeCheats
Victory
Defeat
🇺🇸 Malay · United States
1477
+14
🇹🇼 Poles · Taiwan
1477
+14
🇹🇼 Khitans · Taiwan
1450
+15
🇯🇵 Hindustanis · Japan
1366
+19
🇹🇷 Aztecs · Türkiye
1534
-19
🇦🇺 Tatars · Australia
1419
-15
🇩🇪 Portuguese · Germany
1415
-15
🇺🇸 Lithuanians · United States
1369
-13
タンヤ
5:00 Loom
14:00 Feudal Age
18:41 Castle Age
17:13 Double-Bit Axe
17:19 Gold Mining
18:02 Fletching
19:24 Bodkin Arrow
20:26 Domestication
23:10 Padded Archer Armor
25:49 Bow Saw
25:43 Husbandry
28:41 Heavy Cavalry Archer
32:29 Thumb Ring
33:20 Ballistics
37:00 Town Watch
38:22 Wheelbarrow
44:16 Imperial Age
42:05 Hand Cart
alexgelas
9:28 Loom
13:00 Feudal Age
13:46 Horse Collar
13:45 Man-at-Arms
15:07 Wheelbarrow
14:34 Double-Bit Axe
16:35 Arson
23:01 Castle Age
22:36 Padded Archer Armor
22:28 Fletching
24:52 Bodkin Arrow
25:22 Town Watch
25:33 Elite Skirmisher
29:02 Leather Archer Armor
35:47 Light Cavalry
37:16 Bow Saw
43:39 Imperial Age
41:31 Scale Barding Armor
42:04 Husbandry
poplin
11:53 Loom
14:09 Feudal Age
18:03 Castle Age
27:52 Wheelbarrow
35:50 Scale Mail Armor
37:10 Chain Mail Armor
38:19 Stone Mining
42:04 Forging
41:46 Double-Bit Axe
41:47 Horse Collar
沒起房子我日
13:33 Feudal Age
13:43 Loom
17:29 Castle Age
16:24 Horse Collar
19:26 Double-Bit Axe
24:55 Scale Barding Armor
26:27 Bow Saw
27:39 Forging
28:19 Wheelbarrow
28:24 Husbandry
29:01 Heavy Plow
28:53 Gold Mining
28:57 Stone Mining
30:17 Gold Mining
31:13 Bloodlines
32:38 Hand Cart
33:04 Stone Shaft Mining
33:20 Chain Barding Armor
37:47 Imperial Age
35:38 Szlachta Privileges
36:25 Iron Casting
37:52 Cavalier
39:34 Blast Furnace
38:56 Conscription
39:28 Crop Rotation
MinorCloud9519
5:09 Loom
14:08 Feudal Age
14:45 Double-Bit Axe
20:10 Castle Age
18:54 Fishing Lines
19:33 Gold Mining
20:03 Stone Mining
21:01 Medium Warships
21:05 Bow Saw
21:07 Gillnets
23:17 Town Watch
24:10 Wheelbarrow
26:13 Horse Collar
26:44 Fletching
31:29 Bodkin Arrow
31:57 Ballistics
31:18 Treadmill Crane
37:09 Imperial Age
35:37 Heavy Plow
37:50 Scale Mail Armor
38:00 Forging
38:14 Conscription
39:42 Chain Mail Armor
39:28 Squires
40:13 Gambesons
41:21 Bracer
42:03 Plate Mail Armor
Chiripa605
6:06 Loom
12:37 Feudal Age
13:10 Double-Bit Axe
20:01 Castle Age
21:08 Medium Warships
22:12 Wheelbarrow
25:15 Fishing Lines
27:21 Bow Saw
28:29 Gillnets
28:29 Town Watch
32:31 Fletching
35:24 Bodkin Arrow
36:15 Hand Cart
38:59 Imperial Age
36:56 Gold Mining
38:25 Bloodlines
39:02 Husbandry
39:10 Scale Barding Armor
40:53 Conscription
A2PL Okr010
4:32 Loom
14:03 Feudal Age
19:12 Castle Age
17:06 Fletching
20:04 Bodkin Arrow
25:27 Ballistics
25:08 Padded Archer Armor
27:17 Leather Archer Armor
27:09 Double-Bit Axe
BN27
8:17 Loom
12:42 Feudal Age
13:45 Double-Bit Axe
15:07 Town Watch
19:00 Castle Age
19:15 Horse Collar
22:33 Wheelbarrow
23:54 Bow Saw
24:12 Fervor
25:18 Redemption
28:35 Sanctity
28:12 Gold Mining
29:39 Hand Cart
30:24 Fishing Lines
34:28 Imperial Age
33:46 Circumnavigation
33:55 Fletching
34:07 Scale Mail Armor
34:17 Forging
33:43 Man-at-Arms
34:09 Gambesons
35:40 Block Printing
34:51 Capped Ram
35:08 Long Swordsman
36:05 Chain Mail Armor
36:25 Iron Casting
35:50 Two-Handed Swordsman
36:40 Gillnets
37:38 Plate Mail Armor
38:47 Iron Casting
38:19 Bodkin Arrow
39:13 Ballistics
39:38 Pikeman
40:38 Fortified Wall
42:34 Chemistry
42:00 Careening
41:46 Murder Holes
42:54 Chemistry
Connection lost

Rejoining the realm…

Still unreachable

The connection could not be restored.

Session expired

The server has moved on; the page needs a fresh start.